 Dungeon Crawl Stone Soup version 0.32-a0-18-g89e19f1974 (webtiles) character file.

Game seed: 12840563760773676504

21289 BigPumpCobain the Bludgeoner (level 12, -10/112 HPs)
             Began as a Minotaur Berserker on Jan 16, 2024.
             Was a High Priest of Trog.
             Mangled by a black mamba (12 damage)
             ... on level 3 of the Lair of Beasts.
             The game lasted 00:16:33 (12779 turns).

BigPumpCobain the Bludgeoner (Minotaur Berserker)  Turns: 12779, Time: 00:16:33

Health: -10/112    AC: 29    Str: 26    XL:     12   Next: 52%
Magic:  11/11      EV: 10    Int:  4    God:    Trog [*****.]
Gold:   898        SH:  5    Dex: 11    Spells: 11/11 levels left

rFire   . . .        K - +2 great mace (flame)
rCold   . . .        (shield currently unavailable)
rNeg    . . .        z - +0 plate armour
rPois   .            I - +0 hat
rElec   .            x - +2 cloak
rCorr   .            u - +2 pair of gloves
SInv    .            i - +1 pair of boots
Will    .....        o - amulet of reflection Stlth
                     m - +4 ring of protection
HPRegen 0.38/turn    (no ring)
MPRegen 0.12/turn

%: reflection
@: on berserk cooldown, slowed, very slow
A: horns 2, retaliatory headbutt
a: Renounce Religion, Berserk, Trog's Hand, Brothers in Arms


You were on level 3 of the Lair of Beasts.
You worshipped Trog.
Trog was extremely pleased with you.
You visited 2 branches of the dungeon, and saw 13 of its levels.
You also visited: Sewer.

You collected 898 gold pieces.

Inventory:

Hand Weapons
 n - the +10 whip "Osoh" {speed, rElec rC++ Dex-2}
   (You found it on level 2 of the Dungeon)

   Dex-2:     It affects your dexterity (-2).
   rC++:      It greatly protects you from cold.
   rElec:     It insulates you from electricity.
 y - a +0 morningstar
 K - a +2 great mace of flaming (weapon)
Armour
 i - a +1 pair of boots (worn)
 u - a +2 pair of gloves (worn)
 x - a +2 cloak (worn)
 z - a +0 plate armour (worn)
 I - a +0 hat (worn)
Jewellery
 a - an amulet of regeneration
 m - a +4 ring of protection (left hand)
 o - an amulet of reflection (around neck)
 J - a ring of ice
Wands
 v - a wand of paralysis (5)
 A - a wand of flame (42)
 B - a wand of digging (4)
 D - a wand of polymorph (11)
 E - a wand of iceblast (14)
 G - a wand of mindburst (10)
Scrolls
 b - a scroll of poison
 d - 5 scrolls of teleportation
 e - a scroll of revelation
 h - 3 scrolls of enchant weapon
 l - a scroll of vulnerability
 p - 5 scrolls of fear
 s - 4 scrolls of noise
 t - 2 scrolls of torment
 H - a scroll of fog
 L - a scroll of identify
 N - 3 scrolls of immolation
 O - a scroll of blinking {unknown}
 Q - a scroll of brand weapon {unknown}
 R - a scroll of acquirement {unknown}
Potions
 c - 9 potions of curing
 f - a potion of heal wounds {unknown}
 g - a potion of mutation {unknown}
 j - 2 potions of might {unknown}
 k - 3 potions of brilliance
 q - 2 potions of degeneration {unknown}
 r - a potion of invisibility {unknown}
 w - 4 potions of berserk rage {unknown}
 C - a potion of cancellation {unknown}
 F - a potion of lignification {unknown}
 M - a potion of haste {unknown}
 P - a potion of enlightenment {unknown}


   Skills:
 + Level 12.2 Fighting
 * Level 16.6 Maces & Flails
 + Level 12.0 Armour
 + Level 9.1 Dodging


You had 11 spell levels left.
You didn't know any spells.
Your spell library was empty.

Dungeon Overview and Level Annotations

Branches:
Dungeon (10/15)            Temple (0/1) D:4            Lair (3/5) D:9
  Swamp (0/4) Lair:3        Snake (0/4) Lair:2        Sewer (visited)
    Orc: D:9-12

Altars:
Dithmenos
Fedhas
Gozag
Zin

Shops:
D:6 (   D:9 (

Annotations:
D:3 3 runed translucent doors, pigah's ghost, amateur VSNe


Innate Abilities, Weirdness & Mutations

You have a pair of horns on your head.
You reflexively headbutt those who attack you in melee.


Message History

You headbutt the black mamba.
The black mamba is almost dead.
You feel very sick. The black mamba closely misses you.
You furiously retaliate!
You headbutt the black mamba!
You kill the black mamba!
Trog accepts your kill.
Your Armour skill increases to level 12!
You hit the blink frog. You burn the blink frog.
The blink frog is almost dead.
You feel very sick.
The blink frog blinks!
A lindwurm comes into view.
Found a sling.
Your skin stops crawling.
You feel less strong-willed.
You feel very sick.
The lindwurm roars!
The blink frog blinks!
You feel sick. The blink frog hits you.
* * * LOW HITPOINT WARNING * * *
The blink frog blinks!
You feel sick.
You feel sick.
You feel sick.
You barely miss the blink frog.
The blink frog is almost dead.
You feel sick.
You are no longer poisoned.
The blink frog hits you but does no damage. x2
The lindwurm breathes flames at you.
The blast of flame hits the plant!
The plant begins to die.
The blast of flame hits you!!
* * * LOW HITPOINT WARNING * * *
You open the door.
A black mamba and a spriggan come into view.
The spriggan shouts!
The blink frog blinks!
A cane toad comes into view.
The blink frog blinks!
The black mamba bites you!
You die...

###.#+# ###P######.###
#..............#..#.####
#. .?....♣.....♣.......#
......♣.......♣♣##.....
♣............♣.# #..
♣....PP.....P..##
♣......††.P.....#
...........k.....♣##
..........@P...P...##
♣.P....##S##.........
....P..#.. #........)
.P.....#.) #.........
...P #(F #k...§...# ###
#......♣♣# ....PP.♣
....P... .......♣.+


You could see a lindwurm (catching breath), a black mamba and a cane toad
(wandering).

Vanquished Creatures
  Gastronok (D:10)
  Josephine (D:10)
  Fannar (Lair:1)
  A boulder beetle (D:9)
  2 two-headed ogres
  A skyshark (Lair:3)
  A manticore (D:9)
  2 black mambas
  Joseph (D:7)
  Maggie (D:10)
  2 cane toads
  A rime drake (Lair:1)
  3 komodo dragons (Lair:1)
  A troll (D:7)
  A polar bear (Lair:2)
  A hornet (D:9)
  A tyrant leech (Lair:3)
  4 blink frogs (Lair:3)
  Prince Ribbit (D:7)
  A shadow (D:9)
  Sigmund (D:4)
  4 wraiths (D:10)
  19 yaks
  Eustachio (D:6)
  Grum (Lair:1)
  2 steam dragons
  An acid dragon (D:10)
  Menkaure (D:7)
  3 nagas (Lair:2)
  2 swamp worms (Lair:3)
  8 water moccasins
  3 orc warriors
  2 sky beasts (D:7)
  2 ice beasts
  A black bear (Lair:2)
  4 centaurs
  5 wolves
  4 ogres
  4 boggarts (Lair:2)
  3 kobold brigands
  5 bullfrogs
  2 brain worms (Sewer)
  2 scorpions
  10 wights
  5 killer bees (D:9)
  2 howler monkeys (D:8)
  A bombardier beetle (D:5)
  A jelly (D:7)
  Crazy Yiuf (D:4)
  An orc priest (D:5)
  A hound (D:5)
  3 sleepcaps
  2 gnoll boudas
  5 hell rats (Lair:1)
  2 iguanas
  6 orc wizards
  15 gnolls
  13 adders
  6 river rats
  3 white imps
  2 ufetubi (D:6)
  3 ribbon worms
  2 dart slugs
  30 orcs
  7 bats
  6 endoplasms
  4 giant cockroaches
  A goblin (D:3)
  5 hobgoblins
  4 quokkas
  14 ball pythons
  7 frilled lizards
  13 kobolds
  9 rats
292 creatures vanquished.

Vanquished Creatures (collateral kills)
  2 hydras (Lair:3)
  A swamp worm (Lair:3)
3 creatures vanquished.

Vanquished Creatures (others)
  An orc priest (D:8)
1 creature vanquished.

Grand Total: 296 creatures vanquished

Notes
Turn   | Place    | Note
-------+----------+-------------------------------------------
     0 | D:1      | BigPumpCobain the Minotaur Berserker began the quest for
                  | the Orb.
     0 | D:1      | Reached XP level 1. HP: 19/19 MP: 0/0
   417 | D:1      | Found a faded altar of an unknown god.
   495 | D:1      | Reached XP level 2. HP: 20/27 MP: 1/1
   497 | D:1      | Reached skill level 4 in Maces & Flails
   958 | D:2      | Identified the +10 whip "Osoh" {speed, rElec rC++ Dex-2}
  1022 | D:2      | Reached XP level 3. HP: 25/33 MP: 2/2
  1205 | D:2      | Found a glowing silver altar of Zin.
  1849 | D:3      | Reached ** piety under Trog
  1918 | D:3      | Reached XP level 4. HP: 28/40 MP: 3/3
  2191 | D:3      | Found a runed translucent gate.
  2191 | D:3      | Noticed pigah's ghost (amateur VSNe)
  2192 | D:3      | Found a runed translucent gate.
  2194 | D:3      | Reached skill level 5 in Maces & Flails
  2194 | D:3      | Found a runed translucent gate.
  2711 | D:4      | Found a staircase to the Ecumenical Temple.
  2742 | D:4      | Noticed Sigmund
  2749 | D:4      | Killed Sigmund
  2750 | D:4      | Reached XP level 5. HP: 45/47 MP: 4/4
  2880 | D:4      | Reached XP level 6. HP: 55/55 MP: 5/5
  2993 | D:4      | Reached skill level 6 in Maces & Flails
  3071 | D:4      | Reached skill level 5 in Fighting
  3391 | D:4      | Found a runed translucent door.
  3392 | D:4      | Noticed Crazy Yiuf
  3397 | D:4      | Killed Crazy Yiuf
  3526 | D:5      | Entered Level 5 of the Dungeon
  3609 | D:5      | Reached XP level 7. HP: 61/61 MP: 6/6
  3653 | D:5      | Reached skill level 7 in Maces & Flails
  3721 | D:5      | Reached skill level 5 in Armour
  3723 | D:5      | Reached *** piety under Trog
  4058 | D:5      | Noticed a yak
  4059 | D:5      | Noticed a yak
  4062 | D:5      | Noticed a yak
  4064 | D:5      | Killed a yak
  4065 | D:5      | Reached skill level 8 in Maces & Flails
  4065 | D:5      | Reached skill level 5 in Dodging
  4065 | D:5      | Reached XP level 8. HP: 70/70 MP: 7/7
  4178 | D:5      | Reached skill level 9 in Maces & Flails
  4340 | D:6      | Found a glowing drain.
  4354 | D:6      | Noticed Eustachio
  4367 | D:6      | Killed Eustachio
  4455 | D:6      | Reached **** piety under Trog
  4467 | Sewer    | Entered a sewer
  4505 | Sewer    | Reached skill level 10 in Maces & Flails
  4632 | Sewer    | Reached XP level 9. HP: 73/79 MP: 6/8
  5243 | D:6      | Found Ahalio's Weapon Boutique.
  5277 | D:6      | Found a faded altar of an unknown god.
  5586 | D:6      | Reached skill level 11 in Maces & Flails
  6219 | D:7      | Noticed Prince Ribbit
  6225 | D:7      | Killed Prince Ribbit
  6258 | D:7      | Reached ***** piety under Trog
  6311 | D:7      | Noticed a troll
  6321 | D:7      | Killed a troll
  6353 | D:7      | Reached skill level 12 in Maces & Flails
  6497 | D:7      | Noticed Menkaure
  6504 | D:7      | Killed Menkaure
  6505 | D:7      | Reached XP level 10. HP: 91/91 MP: 9/9
  6601 | D:7      | Noticed Joseph
  6612 | D:7      | Killed Joseph
  7115 | D:8      | Found an opulent altar of Gozag.
  7800 | D:9      | Reached skill level 13 in Maces & Flails
  7867 | D:9      | Found Jaacyvun's Antique Weapon Shoppe.
  7884 | D:9      | Noticed a manticore
  7902 | D:9      | Killed a manticore
  8145 | D:9      | Reached skill level 10 in Fighting
  8353 | D:9      | Noticed a two-headed ogre
  8368 | D:9      | Killed a two-headed ogre
  8383 | D:9      | Found a staircase to the Lair.
  8438 | D:9      | Noticed a boulder beetle
  8465 | D:9      | Killed a boulder beetle
  8466 | D:9      | Reached XP level 11. HP: 57/100 MP: 10/10
  8472 | D:9      | Reached skill level 14 in Maces & Flails
  8472 | D:9      | Reached skill level 10 in Armour
  8730 | D:9      | Found a blossoming altar of Fedhas.
  8855 | D:10     | Entered Level 10 of the Dungeon
  8856 | D:10     | Noticed Gastronok
  8871 | D:10     | Killed Gastronok
  8896 | D:10     | Noticed Maggie
  8910 | D:10     | Killed Maggie
  8992 | D:10     | Noticed Josephine
  9007 | D:10     | Killed Josephine
  9115 | D:10     | Noticed a two-headed ogre
  9125 | D:10     | Killed a two-headed ogre
  9566 | D:10     | Identified the +0 ring mail of Uckag {Will+ Str+4 Int-4}
  9910 | Lair:1   | Entered Level 1 of the Lair of Beasts
  9917 | Lair:1   | Reached skill level 15 in Maces & Flails
 10189 | Lair:1   | Noticed Grum
 10207 | Lair:1   | Killed Grum
 10231 | Lair:1   | Noticed Fannar
 10250 | Lair:1   | Killed Fannar
 10287 | Lair:1   | Received a gift from Trog
 10718 | Lair:2   | Reached XP level 12. HP: 108/109 MP: 11/11
 11078 | Lair:2   | Found a staircase to the Snake Pit.
 11267 | Lair:2   | Noticed a death yak
 11607 | Lair:2   | Reached skill level 16 in Maces & Flails
 12389 | Lair:3   | Found a shadowy altar of Dithmenos.
 12492 | Lair:3   | Noticed a six-headed hydra
 12492 | Lair:3   | Noticed a seven-headed hydra
 12492 | Lair:3   | Found a staircase to the Swamp.
 12504 | Lair:3   | Killed a seven-headed hydra
 12506 | Lair:3   | Killed a six-headed hydra
 12778 | Lair:3   | HP: 2/112 [lindwurm/blast of flame (22)]
 12779 | Lair:3   | Mangled by a black mamba

Illustrated notes

Levels and vault maps discovered:
D:1:      nicolae_arrival_memento_mori, layout_basic,
          shapermc_ecumenical_altar_pompeii, hangedman_decor_clover_reticule,
          minivault_23, minmay_small_reverse_x
D:2:      layout_loops_corners, basic_altar
D:3:      layout_loops_ring, biasface_ghost_orc_armoury
D:4:      nicolae_cairo_tiling_very_big, layout_basic,
          minmay_temple_entry_offerings, uniq_sigmund, uniq_crazy_yiuf_cottage
D:5:      layout_loops_cross, nicolae_overflow_hidden_temple
D:6:      layout_cave_pods, serial_column_ruins, column_ruins_temple_circle,
          column_ruins_hut_ruined, column_ruins_columns_corner,
          column_ruins_open_small, column_ruins_open_medium,
          column_ruins_corridor_straight, serial_shops, shop,
          portal_sewer_entry_c, uniq_eustachio
D:7:      layout_cave_pods, uniq_menkaure, uniq_joseph, uniq_prince_ribbit1
D:8:      layout_loops_ring, nicolae_gozag_seed_capital
D:9:      layout_basic, fedhas_altar_fruit_tree, lair_entry_dummy, serial_shops,
          nicolae_shop_stone, serial_bayou_lagoon_a, serial_bayou_pond_d
D:10:     layout_basic, chequers_garden, uniq_maggie, uniq_josephine,
          uniq_gastronok
Lair:1:   layout_regular_city, uniq_fannar, uniq_grum
Lair:2:   layout_layer_cave, nicolae_snake_entry_squirm, kilobyte_rumbling_trees
Lair:3:   layout_roguey, palyth_hydra_swamp_entry, basic_altar,
          grunt_forest_large_clearing_hut, infiniplex_staircase_pool,
          uniq_amaemon

Skill      XL: |  1  2  3  4  5  6  7  8  9 10 11 12 |
---------------+-------------------------------------+-----
Maces & Flails | 4 5 6 8 10 12 13 15 16 | 16.6
Fighting       | 4 5 6 7 9 10 11 12 | 12.2
Armour         | 3 4 5 7 8 9 11 12 | 12.0
Dodging        | 3 4 5 6 8 9 |  9.1

Action                     |  1- 3 |  4- 6 |  7- 9 | 10-12 || total
---------------------------+-------+-------+-------+-------++-------
  Melee: Mace              |    41 |       |       |       ||    41
         Headbutt          |     5 |    12 |    46 |   133 ||   196
         Whip              |    24 |    66 |   355 |   528 ||   973
         Punch             |       |     1 |     4 |     6 ||    11
         Great mace        |       |       |       |    66 ||    66
 Invoke: Berserk           |       |       |       |     3 ||     3
         Trog's Hand       |       |       |       |     3 ||     3
         Brothers in Arms  |       |       |       |     1 ||     1
    Use: Scroll            |       |     2 |     9 |     5 ||    16
 Armour: Animal skin       |    10 |       |       |       ||    10
         Scale mail        |    34 |    15 |       |       ||    49
         Chain mail        |       |     1 |    75 |       ||    76
         Plate armour      |       |       |    29 |   348 ||   377
  Dodge: Dodged            |    36 |    20 |    69 |   167 ||   292
  Block: Other             |     2 |    10 |    36 |    67 ||   115
         Reflection        |       |     3 |     2 |     3 ||     8

Table legend: (Time is in decaauts)
 A = Elapsed time spent in this place.
 B = Non-inter-level travel time spent in this place.
 C = Inter-level travel time spent in this place.
 D = Time resting spent in this place.
 E = Time spent auto-exploring this place.
 F = Levels seen in this place.
 G = Mean time per level.
                   A        B        C        D        E       F      G
               +--------+--------+--------+--------+--------+-----+--------+
         Total |  12359 |  11705 |    654 |     69 |  10171 |  14 |  882.8 |
       Dungeon |   8785 |   8187 |    598 |      7 |   7141 |  10 |  878.5 |
          Lair |   2715 |   2659 |     56 |     62 |   2295 |   3 |  905.0 |
         Sewer |    858 |    858 |      0 |      0 |    734 |   1 |  858.0 |
               +--------+--------+--------+--------+--------+-----+--------+

Top non-repeatable levels by time:
  Lair:2: 1435 daAuts
     D:9: 1041 daAuts
    D:10: 960 daAuts
     D:2: 931 daAuts
     D:1: 904 daAuts
     D:6: 904 daAuts
   Sewer: 858 daAuts
     D:7: 835 daAuts
     D:4: 831 daAuts
     D:3: 828 daAuts
     D:8: 802 daAuts
     D:5: 744 daAuts
  Lair:1: 713 daAuts
  Lair:3: 566 daAuts
